 Dungeon Crawl Stone Soup version 0.32-a0-872-g59262bdc9b (webtiles) character file.

Game seed: 10610622815483401530

38 601d51SH the Shield-Bearer (level 3, -2/29 HPs)
             Began as a Human Fighter on Mar 30, 2024.
             Slain by Sigmund
             ... wielding a +0 scythe
              (3 damage)
             ... on level 2 of the Dungeon.
             The game lasted 00:02:06 (841 turns).

601d51SH the Shield-Bearer (Human Fighter)           Turns: 841, Time: 00:02:07

Health: -2/29      AC:  6    Str: 18    XL:     3   Next: 43%
Magic:  3/3        EV:  8    Int:  8    God:
Gold:   59         SH:  0    Dex: 12    Spells: 2/2 levels left

rFire   . . .        a - +0 long sword
rCold   . . .        c - +0 buckler
rNeg    . . .        b - +0 scale mail
rPois   .            (no helmet)
rElec   .            (no cloak)
rCorr   .            (no gloves)
SInv    .            (no boots)
Will    .....        (no amulet) Stlth
                     (no ring)
HPRegen 0.24/turn    (no ring)
MPRegen 0.08/turn

%: no passive effects
@: confused
A: explore regen
a: no special abilities


You were on level 2 of the Dungeon.
You visited 1 branch of the dungeon, and saw 2 of its levels.

You collected 59 gold pieces.

Inventory:

Hand Weapons
 a - a +0 long sword (weapon)
Missiles
 h - 3 poisoned darts (quivered)
Armour
 b - a +0 scale mail (worn)
 c - a +0 buckler (worn)
Jewellery
 i - a ring of protection from cold
Scrolls
 f - 2 scrolls of noise {unknown}
 g - a scroll of identify {unknown}
Potions
 d - a potion of might
 e - 2 potions of degeneration {unknown}
 j - a potion of enlightenment {unknown}


   Skills:
 + Level 3.3 Fighting
 + Level 2.5 Long Blades
 + Level 3.3 Armour
 + Level 0.2 Dodging
 + Level 3.3 Shields


You had 2 spell levels left.
You didn't know any spells.
Your spell library contained the following spells:

 Spells                   Type           Power      Damage    Failure   Level
 Magic Dart               Conj           0%         1d3       86%         1
 Blink                    Tloc           0%         N/A       95%         2
 Call Imp                 Summ           0%         N/A       95%         2


Dungeon Overview and Level Annotations

Branches:
Dungeon (2/15)

Altars:

Annotations:
D:2 Sigmund


Innate Abilities, Weirdness & Mutations

You regain HP and MP as you explore.


Message History

You climb downwards.
The ball python hisses angrily.
You hear a shout!
There is a stone staircase leading up here.
Sigmund the Dreaded comes into view.
He is wielding a +0 scythe and carrying a wand of warping.
Sigmund shouts!
You hit the ball python.
You kill the ball python!
Sigmund closely misses you.
Unknown command.
What are your orders? t - Shout!
Orders for allies: a - Attack new target. r - Retreat! s - Stop attacking. g - Guard the area. f - Follow me.
Anything else - Cancel.
Okay, then.
Sigmund points at you and mumbles some strange words.
The magic dart hits you. The rat bites you but does no damage.
There is a stone staircase leading up here.
Sigmund zaps a wand.
Space twists violently!
The rupture engulfs you!
You blink.
Found a scroll labelled HONLIF XUUSS.
The rupture engulfs the rat!
The rat dies!
You hear a shout!
You can't go up here!
Sigmund gestures at you while chanting. The magic dart hits you!
A hobgoblin comes into view.
Sigmund points at you and mumbles some strange words.
You are confused.
Sigmund hits you from afar with a +0 scythe.
* * * LOW HITPOINT WARNING * * *
Sigmund barely misses you.
You bump into the rock wall.
An adder comes into view.
The adder hisses angrily.
Sigmund hits you with a +0 scythe!
* * * LOW HITPOINT WARNING * * *
You barely miss Sigmund. Sigmund hits you with a +0 scythe.
You die...
Sigmund begins carving another notch in his scythe.

### #. ..S.### .g
#...@## ##.# .##
#†@#####...#
.....##....g..#####
#..†<........?..
#######.#....###
#.####.... ..# ###
####


You could see Sigmund, an adder and a hobgoblin.

Vanquished Creatures
  A dart slug (D:1)
  2 ball pythons
  3 endoplasms (D:1)
  2 giant cockroaches (D:1)
  3 goblins (D:1)
  5 hobgoblins (D:1)
  5 jackals (D:1)
  A quokka (D:1)
  4 bats (D:1)
  3 frilled lizards (D:1)
  A kobold (D:1)
  2 rats (D:1)
32 creatures vanquished.

Vanquished Creatures (others)
  A rat (D:2)
1 creature vanquished.

Grand Total: 33 creatures vanquished

Notes
Turn   | Place    | Note
-------+----------+-------------------------------------------
     0 | D:1      | 601d51SH the Human Fighter began the quest for the Orb.
     0 | D:1      | Reached XP level 1. HP: 18/18 MP: 1/1
   170 | D:1      | Reached XP level 2. HP: 24/24 MP: 2/2
   306 | D:1      | Reached XP level 3. HP: 29/29 MP: 3/3
   741 | D:1      | Found a faded altar of an unknown god.
   829 | D:2      | Noticed Sigmund
   840 | D:2      | HP: 1/29 [Sigmund/+0 scythe (7)]
   841 | D:2      | Slain by Sigmund

Illustrated notes

Levels and vault maps discovered:
D:1:      nzn_arrival_depleted_hourglass, layout_basic, basic_ecumenical_altar
D:2:      layout_rooms, serial_shops, nicolae_shop_behind_doors, shop,
          uniq_sigmund, uniq_robin

Action                     || total
---------------------------++-------
  Melee: Long sword        ||    92
 Armour: Scale mail        ||   101
  Dodge: Dodged            ||    45
  Block: Buckler           ||    11

Table legend: (Time is in decaauts)
 A = Elapsed time spent in this place.
 B = Non-inter-level travel time spent in this place.
 C = Inter-level travel time spent in this place.
 D = Time resting spent in this place.
 E = Time spent auto-exploring this place.
 F = Levels seen in this place.
 G = Mean time per level.
                   A        B        C        D        E       F      G
               +--------+--------+--------+--------+--------+-----+--------+
         Total |    870 |    870 |      0 |      0 |    538 |   2 |  435.0 |
       Dungeon |    870 |    870 |      0 |      0 |    538 |   2 |  435.0 |
               +--------+--------+--------+--------+--------+-----+--------+

Top non-repeatable levels by time:
     D:1: 856 daAuts
     D:2: 13 daAuts
